 Dungeon Crawl Stone Soup version 0.30-a0-782-ge64f9170bb (console) character file.

Game seed: 12484935200839445589

27 utis the Covered (level 3, 20/20 HPs)
             Began as a Tengu Wanderer on Feb 25, 2023.
             Quit the game on level 2 of the Dungeon.
             The game lasted 00:03:49 (1192 turns).

utis the Covered (Tengu Wanderer)                   Turns: 1192, Time: 00:03:50

Health: 20/20      AC:  5    Str: 11    XL:     3   Next: 10%
Magic:  5/5        EV: 10    Int: 15    God:
Gold:   63         SH:  0    Dex: 13    Spells: 3/4 levels left

rFire   . . .      SeeInvis .    a - +2 falchion
rCold   . . .      Faith    .    (no shield)
rNeg    . . .      Spirit   .    b - +0 ring mail
rPois   +          Reflect  .    (helmet restricted)
rElec   .          Harm     .    (no cloak)
rCorr   .          Rampage  .    (no gloves)
Will    .....      Rage     3%   (boots unavailable)
Stlth   +                        (no amulet)
HPRegen 0.23/turn                P - ring of poison resistance
MPRegen 0.09/turn                (no ring)

@: no status effects
A: beak, talons 3, berserk 1, passive freeze
a: no special abilities


You were on level 2 of the Dungeon.
You visited 1 branch of the dungeon, and saw 2 of its levels.

You collected 63 gold pieces.

Inventory:

Hand Weapons
 a - a +2 falchion (weapon)
Missiles
 i - 4 curare-tipped darts {=f}
Armour
 b - a +0 ring mail (worn)
Magical Staves
 g - a staff of fire
Jewellery
 P - a ring of poison resistance (left hand)
Scrolls
 d - a scroll of identify {@r1}
Potions
 c - 3 potions of attraction
 f - 2 potions of curing {@q1}


   Skills:
 + Level 1.4 Fighting
 - Level 3.2 Long Blades
 + Level 0.1 Throwing
 + Level 3.5 Armour
 + Level 0.9 Dodging
 + Level 0.2 Stealth
 - Level 1.0 Spellcasting
 * Level 3.3 Summonings


You had 3 spell levels left.
You knew the following spells:

 Your Spells              Type           Power      Damage    Failure   Level
z - Summon Small Mammal   Summ           40%        N/A       14%         1

Your spell library contained the following spells:

 Spells                   Type           Power      Damage    Failure   Level
 Summon Guardian Golem    Hex/Summ       5%         N/A       63%         3


Dungeon Overview and Level Annotations

Branches:
Dungeon (2/15)

Altars:


Innate Abilities, Weirdness & Mutations

You have a beak for a mouth.
You have claws for feet.
You sometimes lose your temper in combat.
A frigid envelope surrounds you and freezes all who hurt you.


Message History

Key pressed, stopping explore.
Done exploring.
Done exploring.
Done exploring.
Okay, then.
Okay, then.
Unknown command.
Unknown command.
(D) Dungeon
Where to? (Enter - D:1 @ (x,y), ? - help)
There is a stone staircase leading down here.
You climb downwards.
Found a scroll labelled RAT ZEJIENE.
There is a stone staircase leading up here.
Unknown command.
Okay, then.
Okay, then.
As you read the scroll labelled RAT ZEJIENE, it crumbles to dust.
It is a scroll of identify.
f - 2 potions of curing
As you read the scroll of identify {@r1}, it crumbles to dust.
h - 2 potions of degeneration You drop 2 potions of degeneration {@e1}.
As you read the scroll of identify {@r1}, it crumbles to dust.
d - a potion of mutation Unknown command.
You drop a potion of mutation {!q}.
d - a scroll of identify {@r1} A goblin comes into view.
It is wielding a +0 dagger.
The goblin moves out of view.
There is a stone staircase leading up here.
Things that are here:
a potion of mutation {!q}; 2 potions of degeneration {@e1} Really quaff a potion of mutation {!q}?
Really quaff the potion of mutation?
You feel extremely strange.
You feel a little pissed off.
Your skin feels very cold.
Unknown command.
Unknown command.
Are you sure you want to abandon this character and quit the game? (Confirm with "yes".)

.░ .░░ ░..░░░
...... ░......
.......
░░░░░░░░░░░░.......
.......Qg......!...
░░░░░░░░░░░░.......
░░░░░░░


You could see a goblin.

Vanquished Creatures
  A dart slug (D:1)
  3 ball pythons (D:1)
  A bat (D:1)
  An endoplasm (D:1)
  A goblin (D:1)
  A hobgoblin (D:1)
  5 jackals (D:1)
  5 kobolds (D:1)
  3 rats (D:1)
21 creatures vanquished.

Vanquished Creatures (collateral kills)
  A frilled lizard (D:1)
1 creature vanquished.

Vanquished Creatures (others)
  2 plants (D:1)
2 creatures vanquished.

Grand Total: 24 creatures vanquished

Notes
Turn   | Place    | Note
-------+----------+-------------------------------------------
     0 | D:1      | utis the Tengu Wanderer began the quest for the Orb.
     0 | D:1      | utis set off with the following items: a +2 falchion, a +0
                  | ring mail, a potion of attraction; and the following spell
                  | memorised: Summon Small Mammal; and the following spells
                  | available to memorise: Summon Guardian Golem.
     0 | D:1      | Reached XP level 1. HP: 12/12 MP: 3/3
   273 | D:1      | Found a faded altar of an unknown god.
   331 | D:1      | Reached XP level 2. HP: 15/16 MP: 4/4
   887 | D:1      | Reached XP level 3. HP: 20/20 MP: 5/5
  1191 | D:2      | Gained mutation: You sometimes lose your temper in combat.
                  | [potion of mutation]
  1191 | D:2      | Gained mutation: A frigid envelope surrounds you and
                  | freezes all who hurt you. [potion of mutation]
  1192 | D:2      | Quit the game

Illustrated notes

Levels and vault maps discovered:
D:1:      roderic_crossed_star, layout_loops_ring, basic_ecumenical_altar,
          serial_forest, infiniplex_forest_straight_2,
          infiniplex_forest_clump_C, infiniplex_forest_straight_3,
          infiniplex_forest_clump_long, infiniplex_forest_clump_curved,
          infiniplex_forest_lined_3, infiniplex_forest_end_3,
          infiniplex_forest_lined_1, infiniplex_forest_straight_4
D:2:      layout_rooms, basic_altar, minmay_tripent

Skill      XL: |  1  2 |
---------------+-------+-----
Summonings     | 3 |  3.3
Fighting       | |  1.4
Long Blades    | |  3.2
Throwing       | |  0.1
Armour         | |  3.5
Dodging        | |  0.9
Stealth        | |  0.2
Spellcasting   | |  1.0

Action                     || total
---------------------------++-------
  Melee: Falchion          ||    38
         Kick              ||     8
         Peck              ||     3
         Punch             ||     2
   Cast: Summon Small Mamm ||     9
    Use: Scroll            ||     3
         Potion            ||     1
 Armour: Ring mail         ||    16
  Dodge: Dodged            ||    22

Table legend: (Time is in decaauts)
 A = Elapsed time spent in this place.
 B = Non-inter-level travel time spent in this place.
 C = Inter-level travel time spent in this place.
 D = Time resting spent in this place.
 E = Time spent auto-exploring this place.
 F = Levels seen in this place.
 G = Mean time per level.
                   A        B        C        D        E       F      G
               +--------+--------+--------+--------+--------+-----+--------+
         Total |   1196 |   1123 |     73 |     97 |    846 |   2 |  598.0 |
       Dungeon |   1196 |   1123 |     73 |     97 |    846 |   2 |  598.0 |
               +--------+--------+--------+--------+--------+-----+--------+

Top non-repeatable levels by time:
     D:1: 1181 daAuts
     D:2: 15 daAuts
